 BcadrenCrawl: Boulder Brew version 0.06-688-g08e91b2d95 (webtiles) character file.

Game seed: 8854311685274339358

1050 pipel the Twirler (level 8, -9/90 HPs) Gnoll Chaos Knight. Began on Jan 26, 2023. Was a Plaything of Xom. Engulfed by a cloud of freezing vapour (14 damage) ... on level 2 of the Dungeon. The game lasted 00:10:03 (3484 turns).

pipel the Twirler (Gnoll Chaos Knight)              Turns: 3484, Time: 00:10:03

Health: -9/90      AC:  5    Str: 14 (16) XL:     8 ^: 852
Magic:  12/12      EV: 11    Int: 11 (14) God:    Xom [...*..]
Gold:   45         SH:  0    Dex:  9 (16) Spells: 13/13 levels left

rFire    . . .     Slash    .   b - +0 mace (chaos)
rCold    . . .     Pierce   .     - Unarmed
rNeg     + . .     Bludgeon .   p - +0 scale mail
rCorr    . . .     Vision   +   (no helmet)
rPois    .         Gourm    .   h - +0 cloak
rElec    .         Faith    +   (no gloves)
MR       .....     Spirit   .   (no boots)
HPRegen  0.40/turn Reflect  .   d - amulet of faith
MPRegen  0.22/turn Harm     .   j - ring of positive energy
Stlth    +.........             (no ring)

@: studying Whips & Flails, slow
A: distributed training, big wings, fangs, see invisible, deformed body 1,
deterioration, slowness 1, spit poison 1, daystrider, strong nose, soft flesh
a: Spit Poison, Fly, Renounce Religion


You were on level 2 of the Dungeon.
You worshipped Xom.
You were a favourite toy of Xom.
You were not hungry.

You visited 1 branch of the dungeon, and saw 2 of its levels.

You collected 45 gold pieces.

Inventory:

Weapons
 a - a +1 short sword of caustic ooze
 b - a +0 mace of chaos (weapon)
Armour
 h - a +0 cloak (worn)
 m - a +2 leather armour
 p - a +0 scale mail (worn)
Jewellery
 d - an amulet of faith (around neck)
 j - a ring of positive energy (left hand)
 k - a cursed ring of ice {(Curse: MR-)}
 l - an uncursed amulet of chaos
 o - a cursed ring of evasion {(Curse: MP-9)}
 q - an uncursed ring of positive energy
Scrolls
 e - 3 scrolls of teleportation
 g - a scroll of immolation
 i - a scroll of magic mapping
 n - 2 scrolls of enchantment
Comestibles
 c - 3 rations
 f - 4 chunks of flesh


   Skills:
 + Level 7.3 Fighting
 + Level 3.1 Short Blades
 + Level 3.1 Long Blades
 + Level 3.1 Axes & Hammers
 + Level 4.4 Whips & Flails
 + Level 3.1 Polearms
 + Level 7.3 Maces & Staves
 + Level 3.1 Slings
 + Level 3.1 Bows
 + Level 3.1 Crossbows
   Level 0.0 Throwing
 + Level 5.6 Armour
 + Level 4.1 Dodging
 + Level 3.1 Stealth
 + Level 3.1 Shields
 + Level 3.1 Unarmed Combat
 + Level 3.1 Spellcasting
 + Level 2.5 Hexes
 + Level 2.5 Charms
 + Level 2.5 Summonings
 + Level 2.5 Necromancy
 + Level 2.5 Translocations
 + Level 2.5 Transmutations
 + Level 2.5 Fire Magic
 + Level 2.5 Ice Magic
 + Level 2.5 Air Magic
 + Level 2.5 Earth Magic
 + Level 2.5 Poison Magic
 + Level 3.4 Invocations
 + Level 3.1 Evocations


You had 13 spell levels left.
You didn't know any spells.
Your spell library was empty.

Dungeon Overview and Level Annotations

Branches:
Dungeon (2/8)

Altars:
Okawaru

Shops:
D:2 *


Innate Abilities, Weirdness & Mutations

Your experience applies equally to all skills.
You have razor-sharp fangs.
Your uncanny sense of smell can sniff out nearby items.
((Your soft flesh is weak to deep cuts.
Heavy manmade armour will nullify this weakness. (rSlashing-)))
Your large and strong wings let you fly indefinitely.
You have supernaturally acute eyesight. (+Vis)
Armour fits poorly on your strangely shaped body.
Your body often falls apart upon taking damage.
You cover ground slowly.
You can spit venom.
You can see and be seen from farther away.


Message History

The cinder newt returns to its original shape as it dies.
The entropic burst engulfs the sewer rat (25)!!
You kill the sewer rat!
You hear a splash.
Your Short Blades skill increases to level 3!
Your Long Blades skill increases to level 3!
Your Axes & Hammers skill increases to level 3!
Your Polearms skill increases to level 3!
Your Slings skill increases to level 3!
Your Bows skill increases to level 3!
Your Crossbows skill increases to level 3!
Your Stealth skill increases to level 3!
Your Shields skill increases to level 3!
Your Unarmed Combat skill increases to level 3!
Your Spellcasting skill increases to level 3!
Your Evocations skill increases to level 3!
The entropic burst engulfs you (31)!!
* * * LOW HITPOINT WARNING * * *
You feel your strength returning.
You are engulfed in freezing vapours (14)!
You die...

≈..≈..≈≈≈≈.....≈≈≈≈≈≈≈
≈##..≈≈≈≈..##########
####..≈≈..##≈#
#.≈≈≈≈..≈≈#
#.≈≈≈≈...## ##
#≈≈≈≈≈.### #≈# P
#≈≈≈≈≈≈#≈##### ##.P#
#≈≈≈≈≈†≈†..§§###≈≈.##
#≈≈≈≈§l≈#..§§@≈.≈#.≈#
#.≈≈≈l.##..#+#≈.##≈#
#..≈≈..##.## ##..≈≈##
#≈≈≈≈≈..≈.#r∆r#..#≈.#
#P≈≈≈≈..!## ##≈.≈##
#≈≈≈≈≈...#∆b #...#
#≈≈≈≈≈...#t +≈.##
#≈≈≈≈≈..## ##≈.
#.≈≈≈≈.z# § ∆#..#


There were no monsters in sight!

Vanquished Creatures
  A shadow (D:2)
  An ice beast (shapeshifter) (D:2)
  A crocodile (D:2)
  A big kobold (D:2)
  2 jellies (D:2)
  4 giant cockroaches (D:2)
  3 adders (D:2)
  44 sewer rats
  9 cinder newts
  5 oozes
  A dart slug (D:1)
  6 leopard geckos
  An adder skeleton (D:2)
  5 ball pythons (D:2)
  12 bats
  4 goblins (D:1)
  5 hobgoblins (D:1)
  2 bat skeletons (D:2)
  8 kobolds
  2 orc skeletons (D:2)
  4 rats (D:1)
  A withered plant (D:2)
122 creatures vanquished.

Vanquished Creatures (collateral kills)
  2 sewer rats (D:2)
2 creatures vanquished.

Vanquished Creatures (others)
  An adder (D:2)
  A sewer rat (D:2)
  A cinder newt (D:2)
  2 kobolds (D:2)
  A giant blowfly (D:2)
  3 slimeheads (D:2)
  110 withered plants (D:2)
119 creatures vanquished.

Grand Total: 243 creatures vanquished

Notes
Turn   | Place    | Note
-------+----------+-------------------------------------------
     0 | D:1      | pipel the Gnoll Chaos Knight began the quest for the Orb.
     0 | D:1      | Reached XP level 1. HP: 27/27 MP: 1/1
    76 | D:1      | XOM: cloud trail
   235 | D:1      | Reached XP level 2. HP: 36/36 MP: 2/2
   302 | D:1      | Found an iron altar of Okawaru.
   308 | D:1      | HP: 1/36 [entropic burst (30)]
   338 | D:1      | XOM: noise
   434 | D:1      | XOM: 2-stop teleportation journey
   444 | D:1      | Reached XP level 3. HP: 16/45 MP: 3/3
   493 | D:1      | XOM: 2-stop teleportation journey
   515 | D:1      | Reached skill level 1 in Invocations
   901 | D:1      | XOM: give mutations
   901 | D:1      | Gained mutation: Your body often falls apart upon taking
                  | damage. [Xom's mischief]
   901 | D:1      | Gained mutation: You cover ground slowly. [Xom's mischief]
   901 | D:1      | Gained mutation: You can translocate small distances at
                  | will. [Xom's mischief]
   901 | D:1      | Gained mutation: Armour fits poorly on your strangely
                  | shaped body. [Xom's mischief]
   963 | D:1      | Reached skill level 1 in Short Blades
   963 | D:1      | Reached skill level 1 in Long Blades
   963 | D:1      | Reached skill level 1 in Axes & Hammers
   963 | D:1      | Reached skill level 1 in Whips & Flails
   963 | D:1      | Reached skill level 1 in Polearms
   963 | D:1      | Reached skill level 1 in Slings
   963 | D:1      | Reached skill level 1 in Bows
   963 | D:1      | Reached skill level 1 in Crossbows
   963 | D:1      | Reached skill level 1 in Stealth
   963 | D:1      | Reached skill level 1 in Shields
   963 | D:1      | Reached skill level 1 in Unarmed Combat
   963 | D:1      | Reached skill level 1 in Spellcasting
   963 | D:1      | Reached skill level 1 in Evocations
  1159 | D:2      | Reached XP level 4. HP: 50/54 MP: 5/5
  1159 | D:2      | Noticed a big kobold
  1161 | D:2      | XOM: summons 3 hostile demons
  1164 | D:2      | XOM: chaos upgrade
  1169 | D:2      | Killed a big kobold
  1169 | D:2      | Reached skill level 1 in Hexes
  1169 | D:2      | Reached skill level 1 in Charms
  1169 | D:2      | Reached skill level 1 in Summonings
  1169 | D:2      | Reached skill level 1 in Necromancy
  1169 | D:2      | Reached skill level 1 in Translocations
  1169 | D:2      | Reached skill level 1 in Transmutations
  1169 | D:2      | Reached skill level 1 in Fire Magic
  1169 | D:2      | Reached skill level 1 in Ice Magic
  1169 | D:2      | Reached skill level 1 in Air Magic
  1169 | D:2      | Reached skill level 1 in Earth Magic
  1169 | D:2      | Reached skill level 1 in Poison Magic
  1169 | D:2      | Reached XP level 5. HP: 25/63 MP: 5/7
  1546 | D:2      | XOM: divination: detect creatures
  1603 | D:1      | XOM: cloud trail
  1812 | D:2      | Found Jaajior's Lightly-Used Armoury.
  1816 | D:2      | XOM: fog
  1818 | D:2      | Reached XP level 6. HP: 69/72 MP: 8/8
  1960 | D:2      | Reached skill level 5 in Armour
  1995 | D:2      | Found a faded altar of an unknown god.
  2039 | D:2      | XOM: polymorph sewer rat -> adder
  2043 | D:2      | XOM: cleaving
  2047 | D:2      | XOM: summons friendly llaibwca
  2053 | D:2      | XOM: give mutations
  2053 | D:2      | Gained mutation: You can spit venom. [Xom's grace]
  2053 | D:2      | Gained mutation: You have supernaturally acute eyesight.
                  | (+Vis) [Xom's grace]
  2053 | D:2      | Gained mutation: Your large and strong wings let you fly
                  | indefinitely. [Xom's grace]
  2058 | D:2      | XOM: give mutations
  2058 | D:2      | Lost mutation: You can translocate small distances at will.
                  | [Xom's mischief]
  2058 | D:2      | Gained mutation: You are vulnerable to cold. (rC-) [Xom's
                  | mischief]
  2058 | D:2      | Gained mutation: You can see and be seen from farther away.
                  | [Xom's mischief]
  2058 | D:2      | Lost mutation: You are vulnerable to cold. (rC-) [Xom's
                  | mischief]
  2062 | D:2      | XOM: fake destruction
  2245 | D:2      | Reached XP level 7. HP: 72/81 MP: 10/10
  2373 | D:2      | XOM: summons friendly llaibwca
  2382 | D:2      | XOM: cast spell 'Summon Hydra'
  2710 | D:2      | XOM: enchant monster (bad)
  3040 | D:2      | XOM: polymorph sewer rat -> cinder newt
  3042 | D:2      | Noticed a shapeshifter
  3042 | D:2      | a sewer rat changed into a shapeshifter
  3042 | D:2      | XOM: polymorph sewer rat -> shapeshifter
  3042 | D:2      | Noticed a basilisk
  3042 | D:2      | a shapeshifter changed into a basilisk
  3044 | D:2      | a basilisk changed into an ice beast
  3052 | D:2      | Xom revived you
  3054 | D:2      | Reached XP level 8. HP: 6/90 MP: 12/12
  3413 | D:2      | XOM: 4-stop teleportation journey
  3467 | D:2      | XOM: polymorph cinder newt -> leopard gecko
  3484 | D:2      | Engulfed by a cloud of freezing vapour

Illustrated notes

Levels and vault maps discovered:
D:1:      kilobyte_arrival_exit_the_forest, layout_rooms,
          okawaru_ov_weapons_minmay
D:2:      layout_sewer, chequers_ecumenical_altar_simple_redux,
          minmay_shop_damaged, minmay_divided_ellipse

Skill      XL: |  1  2  3  4  5  6  7  8 |
---------------+-------------------------+-----
Invocations    | 1 2 3 |  3.4
Short Blades   | 1 2 3 |  3.1
Long Blades    | 1 2 3 |  3.1
Axes & Hammers | 1 2 3 |  3.1
Whips & Flails | 1 2 3 4 |  4.4
Polearms       | 1 2 3 |  3.1
Slings         | 1 2 3 |  3.1
Bows           | 1 2 3 |  3.1
Crossbows      | 1 2 3 |  3.1
Stealth        | 1 2 3 |  3.1
Shields        | 1 2 3 |  3.1
Unarmed Combat | 1 2 3 |  3.1
Spellcasting   | 1 2 3 |  3.1
Evocations     | 1 2 3 |  3.1
Hexes          | 1 2 |  2.5
Charms         | 1 2 |  2.5
Summonings     | 1 2 |  2.5
Necromancy     | 1 2 |  2.5
Translocations | 1 2 |  2.5
Transmutations | 1 2 |  2.5
Fire Magic     | 1 2 |  2.5
Ice Magic      | 1 2 |  2.5
Air Magic      | 1 2 |  2.5
Earth Magic    | 1 2 |  2.5
Poison Magic   | 1 2 |  2.5
Dodging        | 3 4 |  4.1
Armour         | 5 |  5.6
Fighting       | 7 |  7.3
Maces & Staves | 7 |  7.3

Action                   |  1- 3 |  4- 6 |  7- 9 || total
-------------------------+-------+-------+-------++-------
Melee: Mace              |    43 |       |    79 ||   122
       Unarmed           |    23 |   115 |   115 ||   253
       Tailslap          |     6 |    15 |     8 ||    29
       Short sword       |    10 |   140 |    64 ||   214
Throw: Skull             |       |     1 |       ||     1
 Stab: Sleeping          |     2 |       |       ||     2
       Confused          |       |       |     1 ||     1
  Eat: Chunk             |     1 |     4 |     5 ||    10
Armor: Leather armour    |    13 |     8 |       ||    21
       Scale mail        |       |    68 |    51 ||   119
Dodge: Dodged            |    12 |    61 |    48 ||   121
